 Dungeon Crawl Stone Soup version 0.29-a0-330-g52719c12eb (webtiles) character file.

Game seed: 14905244037389906723

3790 kae the Covert (level 9, -10/39 HPs)
             Began as a Spriggan Enchanter on Apr 20, 2022.
             Mangled by a redback (13 damage)
             ... on level 7 of the Dungeon.
             The game lasted 00:07:40 (9601 turns).

kae the Covert (Spriggan Enchanter)                 Turns: 9601, Time: 00:07:40

Health: -10/39     AC:  5    Str: 12    XL:     9   Next: 95%
Magic:  12/20      EV: 21    Int: 18    God:
Gold:   279        SH:  0    Dex: 16    Spells: 9/22 levels left

rFire   . . .      SeeInvis +   u - +3 dagger (venom)
rCold   . . .      Faith    .   (no shield)
rNeg    . . .      Spirit   .   b - +0 robe
rPois   .          Reflect  .   (helmet restricted)
rElec   .          Harm     .   g - +2 cloak
rCorr   .          Rampage  .   (gloves unavailable)
Will    +....                   (boots unavailable)
Stlth   ++++......              x - amulet of regeneration
HPRegen 0.93/turn               y - +6 ring of strength
MPRegen 0.17/turn               (no ring)

@: mighty, lethally poisoned (-10 -> -12), confusing by touch, very quick
A: very small, no large weapons, unfitting armour, see invisible, speed 3
a: no special abilities


You were on level 7 of the Dungeon.
You visited 1 branch of the dungeon, and saw 7 of its levels.
You also visited: Sewer.

You collected 279 gold pieces.

Inventory:

Hand Weapons
 a - a +1 dagger
 l - a +1 dagger of draining
 u - a +3 dagger of venom (weapon)
Armour
 b - a +0 robe (worn)
 g - a +2 cloak (worn)
Jewellery
 m - an amulet of the acrobat
 x - an amulet of regeneration (around neck)
 y - a +6 ring of strength (left hand)
Wands
 k - a wand of iceblast (5)
Scrolls
 e - 3 scrolls of enchant armour
 f - 3 scrolls of teleportation
 h - a scroll of enchant weapon
 r - a scroll of holy word
 s - 4 scrolls of identify
 v - a scroll of magic mapping
 w - a scroll of summoning
Potions
 c - a potion of invisibility
 d - 2 potions of curing
 i - 2 potions of attraction
 j - 3 potions of heal wounds
 n - 2 potions of lignification
 o - a potion of haste
 p - 2 potions of cancellation
 q - 5 potions of brilliance
 t - 3 potions of mutation
 z - a potion of degeneration


   Skills:
 * Level 9.0 Short Blades
 + Level 8.0 Dodging
 + Level 9.9 Stealth
 + Level 7.2 Spellcasting
 + Level 7.7 Hexes
 + Level 4.1 Translocations


You had 9 spell levels left.
You knew the following spells:

 Your Spells              Type           Power      Damage    Failure   Level
a - Ensorcelled Hibernat  Hex/Ice        40%        N/A       3%          2
b - Confusing Touch       Hex            34%        N/A       1%          3
c - Tukima's Dance        Hex            34%        N/A       1%          3
d - Dazzling Flash        Conj/Hex       40%        N/A       6%          3
e - Blink                 Tloc           42%        N/A       3%          2

Your spell library contained the following spells:

 Spells                   Type           Power      Damage    Failure   Level
 Portal Projectile        Hex/Tloc       54%        N/A       2%          3
 Inner Flame              Hex/Fire       20%        N/A       6%          3
 Lesser Beckoning         Tloc           21%        N/A       6%          3
 Foxfire                  Conj/Fire      24%        2x1d5     11%         1
 Magic Dart               Conj           24%        1d4       11%         1
 Shock                    Conj/Air       24%        1d4       11%         1
 Call Imp                 Summ           6%         N/A       16%         2
 Leda's Liquefaction      Hex/Erth       10%        N/A       22%         4
 Call Canine Familiar     Summ           6%         N/A       32%         3
 Conjure Flame            Conj/Fire      6%         6-21      32%         3
 Mephitic Cloud           Conj/Pois/Air  6%         N/A       32%         3
 Swiftness                Air            6%         N/A       32%         3
 Manifold Assault         Tloc           21%        N/A       50%         5
 Airstrike                Air            3%         N/A       71%         4
 Flame Wave               Conj/Fire      6%         2d5       71%         4


Dungeon Overview and Level Annotations

Branches:
Dungeon (7/15)             Temple (0/1) D:6           Sewer (visited)

Altars:
Gozag
Hepliaklqana
Kikubaaqudgha
Makhleb
Okawaru
Wu Jian
Yredelemnul
The Shining One

Annotations:
D:7 2 runed translucent doors


Innate Abilities, Weirdness & Mutations

You are very small and have problems with some larger weapons.
You are too small for most types of armour.
You have supernaturally acute eyesight. (SInv)
You cover ground extremely quickly. (Speed+++)


Message History

Aim: a redback (chance to affect: 52%)
The redback resists with significant effort.
The killer bee buzzes angrily. x2
You feel sick. The redback barely misses you. The water moccasin misses you.
Casting: Ensorcelled Hibernation (safe; 3% risk of failure)
Confirm with . or Enter, or press ? or * to list all spells.
Aiming: Ensorcelled Hibernation (safe; 3% risk of failure)
Press: ? - help, Shift-Dir - straight line, f/p - redback
Aim: a redback (chance to affect: 52%)
The redback resists with significant effort.
You feel sick. The redback barely misses you. The water moccasin bites you.
* * * LOW HITPOINT WARNING * * *
You are lethally poisoned!
The water moccasin poisons you! The redback barely misses you.
The water moccasin misses you.
Saving game... please wait.
Level annotation: 2 runed translucent doors Welcome back, kae the Spriggan Enchanter.
Press ? for a list of commands and other information.
You feel much better.
You feel very sick. The redback closely misses you.
The water moccasin bites you.
You barely miss the water moccasin.
The water moccasin is severely wounded.
You feel sick. The redback barely misses you.
The water moccasin barely misses you.
You closely miss the water moccasin.
The water moccasin is severely wounded.
You feel sick. The redback completely misses you.
The water moccasin closely misses you.
You puncture the water moccasin!
You kill the water moccasin!
You feel sick. The redback closely misses you.
Your Dodging skill increases to level 8!
Cast which spell? (? or * to list)
Your hands begin to glow red.
You feel sick. The redback bites you!
* * * LOW HITPOINT WARNING * * *
* * * LOW HITPOINT WARNING * * *
You feel sick. The redback misses you. The redback bites you!
You die...

...#.#.#...# #..##.##.....#......
#..#†#.#.#.###..#yyy#.....#......
)..#.#.#.#.##..##...##....#......
.#.#.#.#.#.#..##...y.##...#......
)..#.#.#.#...##....yy.##..#......
.#.#.#.#.#..##+##.yy##+##.#......
...#.#...#..#...#####...#.#......
.#...#.###..#...s#!#....#.#......
.....'......#..†@#[#....#.#######
.....######.#....†'†....#.......#
............##...#†#...##.......+
#.#########..###.#.#S###........#
..# ##...###.###.........>#
..######## ##..........##.......#
.....<...# #.##.......##.......#
########.####.####.......########
.................+.......'.......


You could see a redback and 5 killer bees.

Vanquished Creatures
  Sigmund (D:6)
  Eustachio (D:6)
  2 steam dragons
  2 redbacks (D:7)
  4 water moccasins (D:7)
  Duvessa (D:7)
  An orc warrior (D:7)
  2 ice beasts
  3 sky beasts
  An ogre (D:6)
  2 centaurs
  2 phantoms (D:5)
  A kobold brigand (Sewer)
  3 necrophages
  9 scorpions
  Dowan (D:7)
  A gnoll shaman (D:6)
  A hound (D:6)
  2 orc priests
  A jelly (D:5)
  Terence (D:2)
  5 iguanas
  An orc wizard (D:5)
  7 gnolls (D:6)
  10 adders
  8 river rats
  2 shadow imps (D:6)
  A white imp (D:7)
  2 worms (D:3)
  14 orcs
  4 bat zombies (D:7)
  5 endoplasms
  A giant cockroach (D:3)
  5 hobgoblins
  2 jackals (D:1)
  18 kobolds
  7 quokkas
  13 ball pythons
  8 bats
  7 goblins
  17 rats
  2 rat zombies (D:7)
181 creatures vanquished.

Notes
Turn   | Place    | Note
-------+----------+-------------------------------------------
     0 | D:1      | kae the Spriggan Enchanter began the quest for the Orb.
     0 | D:1      | Reached XP level 1. HP: 9/9 MP: 5/5
   525 | D:1      | Found a faded altar of an unknown god.
   649 | D:1      | Reached XP level 2. HP: 13/13 MP: 6/6
   776 | D:1      | Learned a level 2 spell: Ensorcelled Hibernation
  1343 | D:2      | Noticed Terence
  1343 | D:2      | Found a basalt altar of Yredelemnul.
  1348 | D:2      | Killed Terence
  1349 | D:2      | Reached skill level 5 in Stealth
  1349 | D:2      | Reached XP level 3. HP: 16/16 MP: 6/8
  1531 | D:2      | Reached XP level 4. HP: 21/21 MP: 4/9
  2415 | D:3      | Found a glowing drain.
  2493 | Sewer    | Entered a sewer
  2785 | Sewer    | Reached XP level 5. HP: 22/24 MP: 6/11
  3632 | Sewer    | Reached XP level 6. HP: 28/28 MP: 9/13
  5113 | D:4      | Reached skill level 5 in Hexes
  5122 | D:4      | Found an opulent altar of Gozag.
  5556 | D:5      | Entered Level 5 of the Dungeon
  5578 | D:5      | Reached XP level 7. HP: 32/32 MP: 11/14
  5589 | D:5      | Learned a level 3 spell: Confusing Touch
  5593 | D:5      | Learned a level 3 spell: Tukima's Dance
  5597 | D:5      | Learned a level 3 spell: Dazzling Flash
  5600 | D:5      | Learned a level 2 spell: Blink
  5680 | D:5      | Found a hazy altar of Hepliaklqana.
  5687 | D:5      | Found a basalt altar of Yredelemnul.
  5687 | D:5      | Found a glowing golden altar of the Shining One.
  5719 | D:5      | Reached skill level 5 in Short Blades
  5719 | D:5      | Reached skill level 5 in Dodging
  6166 | D:5      | Reached skill level 5 in Spellcasting
  6220 | D:5      | Found a burning altar of Makhleb.
  6220 | D:5      | Found an iron altar of Okawaru.
  6220 | D:5      | Found an ornate altar of the Wu Jian Council.
  6236 | D:5      | Reached XP level 8. HP: 27/36 MP: 13/16
  7278 | D:6      | Noticed Sigmund
  7283 | D:6      | Killed Sigmund
  7440 | D:6      | Noticed Eustachio
  7447 | D:6      | Killed Eustachio
  7508 | D:6      | Found a staircase to the Ecumenical Temple.
  7515 | D:6      | Reached XP level 9. HP: 31/39 MP: 16/19
  8083 | D:7      | Found a runed translucent gate.
  8085 | D:7      | Found a runed translucent gate.
  8085 | D:7      | Found a runed translucent gate.
  8133 | D:7      | Found an ancient bone altar of Kikubaaqudgha.
  8201 | D:7      | Found a runed translucent door.
  8210 | D:7      | Found the +9 staff of Olgreb {rPois∞}
  8463 | D:7      | Reached skill level 1 in Translocations
  8910 | D:7      | Noticed Dowan
  8915 | D:7      | Noticed Duvessa
  8948 | D:7      | Killed Duvessa
  9137 | D:7      | Killed Dowan
  9538 | D:7      | Found a runed translucent door.
  9601 | D:7      | Mangled by a redback

Illustrated notes

Levels and vault maps discovered:
D:1:      elethiomel_arrival_maze, layout_rooms, ebering_ecumenical_altar_mist
D:2:      minmay_alternating_diamond, layout_basic, basic_altar, uniq_terence
D:3:      layout_loops_ring, portal_sewer_entry_b, minivault_14,
          chequers_serial_rivers_micro_a
D:4:      layout_rooms, mainiacjoe_overflow_24_doors
D:5:      layout_basic, minitemple, gammafunk_temple_overflow_forgotten
D:6:      layout_basic, minmay_temple_entry_statues_pillars, uniq_eustachio,
          uniq_sigmund
D:7:      layout_basic, lemuel_zombie_altar_kikubaaqudgha, glass_columns_b,
          hex_medium, minmay_guarded_unrand_staff_of_olgreb, uniq_duvessa

Skill      XL: |  1  2  3  4  5  6  7  8  9 |
---------------+----------------------------+-----
Dodging        | 3 4 5 6 8 |  8.0
Short Blades   | 2 3 4 6 7 9 |  9.0
Stealth        | 5 6 7 8 9 |  9.9
Spellcasting   | 3 4 5 6 7 |  7.2
Hexes          | 4 5 6 7 |  7.7
Translocations | 4 |  4.1

Action                   |  1- 3 |  4- 6 |  7- 9 || total
-------------------------+-------+-------+-------++-------
Melee: Dagger            |    68 |   251 |   189 ||   508
       Punch             |       |     2 |     3 ||     5
 Cast: Ensorcelled Hiber |     5 |    30 |    45 ||    80
       Confusing Touch   |       |       |     8 ||     8
  Use: Scroll            |       |    13 |     8 ||    21
       Potion            |       |     2 |     3 ||     5
 Stab: Sleeping          |    16 |    27 |    32 ||    75
       Confused          |       |       |     6 ||     6
       Invisible         |       |       |     8 ||     8
Armor: Robe              |     3 |    34 |    11 ||    48
Dodge: Dodged            |    42 |   241 |   154 ||   437

Table legend: (Time is in decaauts)
 A = Elapsed time spent in this place.
 B = Non-inter-level travel time spent in this place.
 C = Inter-level travel time spent in this place.
 D = Time resting spent in this place.
 E = Time spent auto-exploring this place.
 F = Levels seen in this place.
 G = Mean time per level.
                   A        B        C        D        E       F      G
               +--------+--------+--------+--------+--------+-----+--------+
         Total |   7286 |   7106 |    180 |   1027 |   4921 |   8 |  910.8 |
       Dungeon |   6134 |   5954 |    180 |    854 |   4217 |   7 |  876.3 |
         Sewer |   1152 |   1152 |      0 |    173 |    703 |   1 | 1152.0 |
               +--------+--------+--------+--------+--------+-----+--------+

Top non-repeatable levels by time:
   Sewer: 1152 daAuts
     D:1: 1140 daAuts
     D:7: 1115 daAuts
     D:6: 912 daAuts
     D:5: 868 daAuts
     D:3: 826 daAuts
     D:2: 707 daAuts
     D:4: 563 daAuts
